 Dungeon Crawl Stone Soup version 0.20-a0-731-gecde0bf (webtiles) character file.

1290 Laphicet the Skirmisher (level 8, 0/64 HPs)
             Began as a Mummy Fighter on Feb 22, 2017.
             Slain by a killer bee (4 damage)
             ... on level 7 of the Dungeon.
             The game lasted 00:09:53 (6707 turns).

Laphicet the Skirmisher (Mummy Fighter)             Turns: 6707, Time: 00:10:04

Health: 0/64       AC:  8    Str: 19    XL:     8   Next: 30%
Magic:  8/8        EV:  6    Int: 10    God:
Gold:   254        SH: 14    Dex: 17    Spells: 7/7 levels left

rFire    x . .     SeeInvis .   a - +1 long sword
rCold    + . .     Gourm    .   f - +0 scale mail
rNeg     + + +     Faith    .   n - +0 large shield
rPois    ∞         Spirit   .   (no helmet)
rElec    .         Reflect  .   g - +0 cloak
rCorr    .         Harm     .   (no gloves)
MR       +....                  (no boots)
Stlth    ..........             (no amulet)
Regen    0.2/turn               (no ring)
MPRegen  0.2/turn               l - +6 ring of dexterity

@: no status effects
A: no food or potions, fire vulnerability, cold resistance 1, negative energy
resistance 3, torment resistance, unbreathing
a: no special abilities


You were on level 7 of the Dungeon.
You were not hungry.

You visited 1 branch of the dungeon, and saw 8 of its levels.

You collected 254 gold pieces.

Inventory:

Hand Weapons
 a - a +1 long sword (weapon)
 m - a +2 short sword of protection
Armour
 f - a +0 scale mail (worn)
 g - a +0 cloak (worn)
 n - a +0 large shield (worn)
Jewellery
 l - a +6 ring of dexterity (left hand)
Wands
 j - a wand of polymorph (8/24)
 k - a wand of polymorph (6/24)
 q - a wand of iceblast (7/15)
Scrolls
 c - a scroll of fog
 d - a scroll of amnesia
 e - 2 scrolls of remove curse
 h - a scroll of torment
 i - 2 scrolls of summoning
 p - a scroll of enchant armour
 r - a scroll of recharging
Books
 o - a book of Misfortune

   Spells                             Type                      Level
   a - Confusing Touch                Hexes                        1
   b - Confuse                        Hexes                        3
   c - Gell's Gravitas                Translocation                3
   d - Petrify                        Transmutation/Earth          4
   e - Metabolic Englaciation         Hexes/Ice                    5
   f - Yara's Violent Unravelling     Hexes/Transmutation          5


   Skills:
 + Level 5.7 Fighting
 + Level 4.4 Long Blades
 + Level 4.7 Armour
 - Level 1.2 Dodging
 + Level 4.7 Shields


You had 7 spell levels left.
You didn't know any spells.

Dungeon Overview and Level Annotations

Branches:
Dungeon (8/15)             Temple (0/1) D:5
   Lair: D:8-11

Altars:

Shops:
D:4 [

Annotations:
D:5 Eustachio
D:8 Prince Ribbit


Innate Abilities, Weirdness & Mutations

You do not eat or drink.
Your flesh is vulnerable to fire.
You are immune to poison.
Your flesh is cold resistant. (rC+)
You are immune to negative energy. (rN+++)
You are immune to unholy pain and torment.
You can survive without breathing.


Message History

You closely miss the killer bee.
The killer bee is almost dead.
You block the killer bee's attack. x2; The killer bee stings you.
* * * LOW HITPOINT WARNING * * *
You miss the killer bee.
The killer bee is almost dead.
You block the killer bee's attack.
The killer bee stings you but does no damage.
You miss the killer bee.
The killer bee is almost dead.
The killer bee stings you.
* * * LOW HITPOINT WARNING * * *
You block the killer bee's attack. x2
You miss the killer bee.
The killer bee is almost dead.
The killer bee stings you but does no damage.
The killer bee stings you!
* * * LOW HITPOINT WARNING * * *
The killer bee stings you.
You die...

#................#.....#
#...........###........#
#............####......#
#..........#.###.......#
#..........#.#.........#####
##..........................
##.........................
#######.......................
#...|........@................
#...........†y.#.#............
#(..........>.##............÷.
#.............#######.........
#...........### #.........#
#........#### #.........#
#........# #.........#
#........# #.........#
#........# #.........#


You could see a killer bee.

Vanquished Creatures
  Menkaure (D:6)
  A swamp drake (D:4)
  A black bear (D:7)
  A phantom (D:6)
  An ogre (D:6)
  3 bullfrogs
  2 howler monkeys
  2 crimson imps
  2 centaur skeletons (D:4)
  An orc priest (D:5)
  4 hounds
  4 worker ants
  6 adders
  A shadow imp (D:8)
  An ooze (D:1)
  An adder skeleton (D:4)
  5 worms
  A dart slug (D:1)
  2 leopard geckos
  19 orcs
  5 giant cockroaches
  6 goblins
  6 hobgoblins
  8 jackals
  5 kobolds
  4 quokkas
  4 ball pythons
  A ball python skeleton (D:5)
  4 bats (D:2)
  3 frilled lizards
  6 rats
111 creatures vanquished.

Notes
Turn   | Place    | Note
-------+----------+-------------------------------------------
     0 | D:1      | Laphicet the Mummy Fighter began the quest for the Orb.
     0 | D:1      | Reached XP level 1. HP: 18/18 MP: 1/1
   358 | D:1      | Reached XP level 2. HP: 22/24 MP: 2/2
   853 | D:2      | Reached XP level 3. HP: 28/29 MP: 3/3
  1258 | D:2      | Reached skill level 1 in Dodging
  1258 | D:2      | Reached XP level 4. HP: 35/35 MP: 4/4
  2408 | D:4      | Noticed Edmund
  2663 | D:4      | Reached XP level 5. HP: 31/41 MP: 5/5
  2793 | D:4      | Found Uhugibbu's Antique Armour Shoppe.
  3193 | D:4      | Noticed Edmund
  3193 | D:4      | Edmund changed into Edmund the swamp drake
  3197 | D:4      | Killed Edmund the swamp drake
  3197 | D:4      | Reached skill level 4 in Fighting
  3197 | D:4      | Reached XP level 6. HP: 42/48 MP: 6/6
  3497 | D:5      | Entered Level 5 of the Dungeon
  3507 | D:5      | Noticed a hog
  3507 | D:5      | an ogre changed into a hog
  3516 | D:5      | Noticed a yak
  3516 | D:5      | a hog changed into a yak
  4560 | D:5      | Reached XP level 7. HP: 39/55 MP: 7/7
  4783 | D:5      | Found a staircase to the Ecumenical Temple.
  4927 | D:5      | Noticed Eustachio
  5467 | D:6      | Reached skill level 5 in Fighting
  5555 | D:6      | Noticed Menkaure
  5559 | D:6      | Killed Menkaure
  6094 | D:7      | Reached XP level 8. HP: 49/63 MP: 8/8
  6675 | D:8      | Noticed Prince Ribbit
  6675 | D:8      | Noticed a two-headed ogre
  6707 | D:7      | Slain by a killer bee

Vault maps used:
D:1:      sevenhm_arrival_forest_fort_large_1, minmay_misc_feat_room
D:2:      minmay_diamond_boxcup
D:3:      first_bread
D:4:      serial_shops, nicolae_shop_competitors_out_of_business, serial_glass,
          glass_columns_a, glass_columns_a, st_stairs_8, uniq_edmund
D:5:      minmay_temple_entry_trees, enter_ossuary_2, uniq_pikel,
          uniq_eustachio, uniq_crazy_yiuf_cottage
D:6:      uniq_menkaure
D:7:      minmay_klotski
D:8:      uniq_prince_ribbit1

Skill      XL: |  1  2  3  4  5  6  7 |
---------------+----------------------+-----
Long Blades    | 2 3 4 |  4.4
Dodging        | 1 |  1.2
Armour         | 3 4 |  4.7
Shields        | 3 4 |  4.7
Fighting       | 4 5 |  5.7

Action                   |  1- 3 |  4- 6 |  7- 9 || total
-------------------------+-------+-------+-------++-------
Melee: Long sword        |    97 |   272 |   203 ||   572
Evoke: Wand              |       |     7 |       ||     7
  Use: Scroll            |       |    10 |     6 ||    16
Armor: Scale mail        |    50 |   140 |    75 ||   265
Dodge: Dodged            |    31 |    67 |    50 ||   148
Block: Shield            |    41 |    28 |       ||    69
       Large shield      |       |   198 |   181 ||   379
       Rpst.: Long sword |    11 |    20 |    17 ||    48
